 Dungeon Crawl Stone Soup version 0.30-b1-2-g02819fbbbe (webtiles) character file.

Game seed: 13382899379387538059

18 suse60 the Chopper (level 2, -3/26 HPs)
             Began as a Minotaur Gladiator on July 7, 2023.
             Slain by Terence
             ... wielding a +0 mace
              (7 damage)
             ... on level 2 of the Dungeon.
             The game lasted 00:02:39 (630 turns).

suse60 the Chopper (Minotaur Gladiator)              Turns: 630, Time: 00:02:39

Health: -3/26      AC:  5    Str: 18    XL:     2   Next: 51%
Magic:  1/1        EV: 11    Int:  5    God:
Gold:   113        SH:  0    Dex: 11    Spells: 1/1 levels left

rFire   . . .        a - +0 war axe
rCold   . . .        (no shield)
rNeg    . . .        h - +0 ring mail
rPois   .            c - +0 hat
rElec   .            (no cloak)
rCorr   .            (no gloves)
SInv    .            (no boots)
Will    .....        (no amulet)
Stlth   +            (no ring)
HPRegen 0.24/turn    (no ring)
MPRegen 0.07/turn

%: no passive effects
@: mighty
A: horns 2, retaliatory headbutt
a: no special abilities


You were on level 2 of the Dungeon.
You visited 1 branch of the dungeon, and saw 2 of its levels.

You collected 113 gold pieces.

Inventory:

Hand Weapons
 a - a +0 war axe (weapon)
Missiles
 d - 4 throwing nets (quivered)
 e - a javelin
Armour
 c - a +0 hat (worn)
 h - a +0 ring mail (worn)
Jewellery
 i - a +6 ring of intelligence
 k - a +6 ring of strength
Potions
 b - a potion of flight {unknown}
 g - a potion of berserk rage {unknown}
 j - 2 potions of heal wounds {unknown}


   Skills:
 + Level 3.2 Fighting
 + Level 4.2 Axes
 - Level 2.0 Throwing
 - Level 3.2 Dodging


You had one spell level left.
You didn't know any spells.
Your spell library contained the following spells:

 Spells                   Type           Power      Damage    Failure   Level
 Ignite Poison            Fire/Tmut/Pois 0%         N/A       96%         3
 Necromutation            Tmut/Necr      0%         N/A       100%        8
 Shatter                  Erth           0%         3d5*      100%        9


Dungeon Overview and Level Annotations

Branches:
Dungeon (2/15)

Altars:

Annotations:
D:2 Terence


Innate Abilities, Weirdness & Mutations

You have a pair of horns on your head.
You reflexively headbutt those who attack you in melee.


Message History

The frilled lizard barely misses you. The frilled lizard closely misses you.
You slash the frilled lizard!
You kill the frilled lizard!
You see here a hobgoblin corpse.
j - 2 lumpy black potions (gained 1)
A bat comes into view.
The bat hits you but does no damage. The bat hits you but does no damage.
You barely miss the bat. The bat closely misses you. The bat barely misses you.
You furiously retaliate!
You headbutt the bat.
You kill the bat!
Found a faded altar of an unknown god.
You now have 113 gold pieces (gained 10).
A bat comes into view.
The bat hits the plant.
The plant begins to die.
The bat hits the plant.
The plant begins to die.
The bat hits something.
The bat hits the plant.
Terence the Incautious comes into view.
He is wielding a +0 mace.
Terence shouts!
Terence drinks a potion.
Terence flickers and vanishes!
Deactivating autopickup; reactivate with Ctrl-A.
A giant cockroach comes into view.
The bat barely misses you. You furiously retaliate!
You headbutt the bat. You miss the bat.
The bat is severely wounded.
The bat misses you. You furiously retaliate!
You headbutt the bat.
You kill the bat!
Something hits you. Something hits you.
Unknown command.
You hit something but do no damage. You headbutt something. Something hits you.
You closely miss something. Your headbutt misses something. Something hits you.
You barely miss something. You punch something. Something hits you.
You hit something. Something hits you.
* * * LOW HITPOINT WARNING * * *
Something hits you.
* * * LOW HITPOINT WARNING * * *
You feel very mighty all of a sudden. Something hits you!
You die...

.... ... B.# ..# ..#
..#### ###.# .....>
#B..# ...#.####{### #
#.#...##@### P.
#.##...#.##...# ##_#
#......#...##.# P....
#........#.# P....
#....##†.#.#Pb..PP
#######.#..†.<#.#PP...P
.........###..#..#
#........# #..#.##
.........###..#.#


You could see a giant cockroach.

Vanquished Creatures
  An endoplasm (D:1)
  4 hobgoblins
  2 kobolds (D:1)
  2 ball pythons (D:1)
  4 bats
  A frilled lizard (D:2)
  3 rats (D:1)
17 creatures vanquished.

Vanquished Creatures (others)
  A demonic plant (D:2)
  3 plants (D:2)
  A withered plant (D:2)
5 creatures vanquished.

Grand Total: 22 creatures vanquished

Notes
Turn   | Place    | Note
-------+----------+-------------------------------------------
     0 | D:1      | suse60 the Minotaur Gladiator began the quest for the Orb.
     0 | D:1      | Reached XP level 1. HP: 18/18 MP: 0/0
   210 | D:1      | Got the Codex of Cleavage and the Shapeshifter
   221 | D:1      | Reached skill level 4 in Axes
   221 | D:1      | Reached XP level 2. HP: 25/25 MP: 1/1
   610 | D:2      | Found a faded altar of an unknown god.
   619 | D:2      | Noticed Terence
   630 | D:2      | Slain by Terence

Illustrated notes

Levels and vault maps discovered:
D:1:      dpeg_arrival_stonehenge_8_columns, layout_basic
D:2:      layout_basic, shapermc_ecumenical_altar_gd, uniq_terence

Skill      XL: |  1  2 |
---------------+-------+-----
Axes           | 4 |  4.2
Fighting       | 3 |  3.2
Throwing       | |  2.0
Dodging        | |  3.2

Action                     || total
---------------------------++-------
  Melee: War axe           ||    38
         Headbutt          ||     5
         Punch             ||     1
    Use: Scroll            ||     2
         Potion            ||     1
 Armour: Ring mail         ||     8
         Leather armour    ||     1
  Dodge: Dodged            ||    22
